 Dungeon Crawl Stone Soup version 0.26-a0-663-g36e8fdb655 (webtiles) character file.

Game seed: 14699712823702465027

115422 nomicflux the Fighter (level 16, -8/146 HPs)
             Began as a Green Draconian Air Elementalist on Oct 10, 2020.
             Was a High Priest of Vehumet.
             Killed from afar by a spriggan druid (14 damage)
             ... with a stone arrow
             ... on level 3 of the Swamp on Oct 11, 2020.
             The game lasted 02:15:11 (49365 turns).

nomicflux the Fighter (DrAE)                       Turns: 49365, Time: 02:15:12

Health: -8/146     AC: 12    Str: 12    XL:     16   Next: 18%
Magic:  1/35       EV: 16    Int: 28    God:    Vehumet [*****.]
Gold:   2907       SH:  8    Dex: 11    Spells: 5/40 levels left

rFire    . . .     SeeInvis .   x - staff of conjuration
rCold    . . .     Faith    .   k - +4 buckler of Midnight {-Tele Rampage rPois MR++}
rNeg     . . .     Spirit   .   (armour unavailable)
rPois    +         Reflect  .   (helmet restricted)
rElec    +         Harm     .   (no cloak)
rCorr    .         Rampage  +   j - +1 pair of gloves
MR       ++++.     NoTele   +   G - +0 pair of boots
Stlth    ++........             (no amulet)
HPRegen  0.34/turn              d - ring "Geomocyrie" {rElec MR+ Slay+2}
MPRegen  0.24/turn              y - +6 ring of intelligence

@: no status effects
A: breathe noxious fumes, unfitting armour, stinger 1, talons 1, high mp 1,
poison resistance, cold-blooded, MP-powered wands, AC +9
a: Breathe Noxious Fumes, Renounce Religion


You were on level 3 of the Swamp.
You worshipped Vehumet.
Vehumet was extremely pleased with you.
You visited 5 branches of the dungeon, and saw 28 of its levels.

You collected 3365 gold pieces.
You spent 458 gold pieces at shops.

Inventory:

Hand Weapons
 a - a +1 vorpal executioner's axe
Missiles
 m - 2 silver boomerangs (quivered)
Armour
 j - a +1 pair of gloves (worn)
 k - the +4 buckler of Midnight (worn) {-Tele Rampage rPois MR++}
   (You found it on level 6 of the Lair of Beasts)

   It protects you from poison.
   It affects your resistance to hostile enchantments.
   It prevents most forms of teleportation.
   It bestows one free step when moving towards enemies.
 G - a +0 pair of boots (worn)
Magical Staves
 x - an uncursed staff of conjuration (weapon)
 O - an uncursed staff of earth
Jewellery
 d - the ring "Geomocyrie" (left hand) {rElec MR+ Slay+2}
   (You acquired it on level 4 of the Lair of Beasts)

   [ring of protection from magic]

   It affects your accuracy and damage with ranged weapons and melee attacks
   (+2).
   It insulates you from electricity.
   It affects your resistance to hostile enchantments.
 f - an uncursed amulet of faith
 v - a +6 ring of dexterity
 y - a +6 ring of intelligence (right hand)
 z - a +4 ring of slaying
 A - an uncursed ring of fire
 E - an uncursed ring of poison resistance
 J - an uncursed ring of wizardry
 K - an uncursed ring of flight
 P - an uncursed ring of positive energy
Wands
 u - a wand of acid (25)
 C - a wand of iceblast (11)
 D - a wand of disintegration (27)
Scrolls
 b - 4 scrolls of enchant armour
 e - 2 scrolls of fog
 i - 6 scrolls of teleportation
 l - 2 scrolls of blinking
 o - 4 scrolls of amnesia
 p - 6 scrolls of magic mapping
 s - a scroll of fear
 t - 10 scrolls of remove curse
 B - 10 scrolls of identify
 H - a scroll of brand weapon
Potions
 c - a potion of resistance
 g - a potion of flight
 h - 6 potions of might
 n - a potion of haste
 q - 4 potions of lignification
 r - 2 potions of brilliance
 w - 8 potions of curing
 F - 3 potions of cancellation
 I - 3 potions of stabbing
 L - a potion of berserk rage
 M - a potion of heal wounds
 N - a potion of invisibility


   Skills:
 + Level 14.0 Fighting
 - Level 8.2 Staves
 + Level 8.4 Dodging
 - Level 1.7 Stealth
 - Level 4.0 Shields
 - Level 8.0 Unarmed Combat
 + Level 12.6 Spellcasting
 - Level 10.0 Conjurations
 - Level 4.0 Summonings
 + Level 13.9 Air Magic
 + Level 1.0 Evocations


You had 5 spell levels left.
You knew the following spells:

 Your Spells              Type           Power        Failure   Level
a - Shock                 Conj/Air       ####         0%          1
b - Swiftness             Air            #######.     0%          2
c - Static Discharge      Conj/Air       #######.     1%          3
d - Airstrike             Air            #######...   1%          4
e - Lightning Bolt        Conj/Air       #######...   1%          5
f - Fulminant Prism       Conj/Hex       ######....   1%          4
g - Conjure Ball Lightni  Conj/Air       #######...   1%          6
h - Summon Lightning Spi  Summ/Air       ######..     1%          4
i - Freezing Cloud        Conj/Ice/Air   #######...   5%          6

Your spell library contained the following spells:

 Spells                   Type           Power        Failure   Level
 Magic Dart               Conj           ####         1%          1
 Summon Small Mammal      Summ           ####         1%          1
 Call Imp                 Summ           #####...     1%          2
 Poisonous Vapours        Pois/Air       ######       1%          2
 Call Canine Familiar     Summ           #####...     1%          3
 Conjure Flame            Conj/Fire      ######..     1%          3
 Mephitic Cloud           Conj/Pois/Air  #######.     1%          3
 Ignite Poison            Fire/Tmut/Pois ###.....     2%          3
 Inner Flame              Hex/Fire       ###.....     2%          3
 Animate Skeleton         Necr           ###...       3%          1
 Apportation              Tloc           ###...       3%          1
 Beastly Appendage        Tmut           ###...       3%          1
 Corona                   Hex            ###....      3%          1
 Pain                     Necr           ###.         3%          1
 Sting                    Tmut/Pois      ###.         3%          1
 Blink                    Tloc           N/A          4%          2
 Slow                     Hex            ###.....     4%          2
 Wereblood                Tmut           ###.....     4%          2
 Summon Guardian Golem    Hex/Summ       ####....     4%          3
 Silence                  Hex/Air        ######....   4%          5
 Olgreb's Toxic Radiance  Pois           ###.....     9%          4
 Portal Projectile        Hex/Tloc       ###...       10%         3
 Spider Form              Tmut/Pois      ###.......   10%         3
 Vampiric Draining        Necr           ###.......   10%         3
 Summon Ice Beast         Ice/Summ       ####....     14%         4
 Animate Dead             Necr           ###.......   30%         4
 Cause Fear               Hex            ###.......   30%         4
 Ice Form                 Ice/Tmut       ###.....     30%         4
 Leda's Liquefaction      Hex/Erth       ###.......   30%         4
 Summon Mana Viper        Hex/Summ       ####....     36%         5
 Agony                    Necr           ###.....     65%         5
 Blade Hands              Tmut           ###.......   65%         5


Dungeon Overview and Level Annotations

Branches:
Dungeon (15/15)            Temple (1/1) D:4            Lair (6/6) D:11
  Swamp (4/4) Lair:4       Spider (0/4) Lair:4        Slime (0/5) Lair:5
    Orc (2/2) D:11            Elf (0/3) Orc:2        Vaults (0/5) D:13
 Depths (0/5) D:15

Altars:
Ashenzari
Cheibriados
Dithmenos
Elyvilon
Fedhas
Gozag
Hepliaklqana
Kikubaaqudgha
Makhleb
Nemelex Xobeh
Okawaru
Qazlal
Ru
Sif Muna
Trog
Uskayaw
Vehumet
Wu Jian
Xom
Yredelemnul
Zin
The Shining One

Shops:
D:13 }   D:14 :   D:15 [   Orc:2 !!!=


Innate Abilities, Weirdness & Mutations

You can breathe blasts of noxious fumes.
Your lurid green scales are hard. (AC +9)
You cannot fit into any form of body armour.
Your tail ends in a poisonous barb.
Your system is resistant to poisons. (rPois)
You are cold-blooded and may be slowed by cold attacks.
You have sharp toenails.
You have an increased reservoir of magic. (+10% MP)
You expend magic power (3 MP) to strengthen your wands.


Message History

* * * LOW HITPOINT WARNING * * *
Casting: Lightning Bolt (mildly dangerous; 1% risk of failure)
Confirm with . or Enter, or press ? or * to list all spells.
Aiming: Lightning Bolt (mildly dangerous; 1% risk of failure)
Press: ? - help, Shift-Dir - straight line, f/p - five-headed hydra
Aim: a five-headed hydra (almost dead)
You feel a surge of power!
You hear a mighty clap of thunder!
The bolt of lightning hits the five-headed hydra.
The five-headed hydra is almost dead.
The five-headed hydra misses you.
The five-headed hydra closely misses you.
You block the five-headed hydra's attack.
The five-headed hydra bites you.
* * * LOW HITPOINT WARNING * * *
The five-headed hydra bites you!
* * * LOW HITPOINT WARNING * * *
The spriggan druid gestures at you while chanting.
The stone arrow hits you!
You die...

..♣.≈≈♣ ♣♣...≈§.≈≈≈...≈≈. ≈≈≈[≈.♣
♣♣...≈≈§.≈≈≈...≈≈≈ ≈.♣≈..♣
♣♣♣♣♣♣♣♣.≈....≈.≈≈.♣♣≈≈≈≈
♣≈§≈<.♣♣♣≈♣♣.≈♣..≈.....≈≈≈≈§♣♣.≈≈
♣♣....♣♣..♣.....≈.≈♣♣.≈≈≈≈.≈≈..≈≈
♣..≈≈≈.......≈≈≈≈≈♣♣♣≈..≈..≈.♣♣♣.
≈.≈≈≈≈..≈≈≈≈≈≈≈≈≈≈♣♣♣♣≈.≈≈♣§♣♣♣♣♣
.≈≈≈≈≈≈≈≈≈≈≈≈≈≈i...≈♣≈.≈≈.♣♣≈.§..
.≈≈≈≈≈≈≈≈≈≈≈≈≈≈.@..≈≈≈♣.≈≈≈♣♣.≈≈≈
...≈≈≈.§≈.≈≈≈≈♣♣♣D.♣♣♣♣≈≈≈≈♣♣≈≈≈≈
...≈≈...≈♣♣♣♣♣♣ ♣♣≈≈♣♣♣≈..♣♣.≈≈≈≈
≈≈≈.≈≈≈≈..♣♣♣ ♣...≈♣♣≈...♣.≈≈≈≈
≈≈≈.≈≈≈≈≈≈.≈♣♣♣ ♣♣≈.≈.....≈..≈≈≈≈
≈≈.≈♣≈≈§≈.♣♣.≈♣ ♣≈..<≈≈≈.≈..≈≈≈≈
...♣♣♣♣♣♣♣♣≈.♣♣ ♣♣♣≈≈≈≈≈≈...≈≈≈≈
≈..♣ ♣♣♣♣ ♣♣.≈≈≈≈...§≈≈≈ ≈..♣♣
♣≈≈≈≈≈≈..≈≈≈..


You could see a five-headed hydra and a spriggan druid.

Vanquished Creatures
  Donald (Swamp:2)
  A thorn hunter (Swamp:3)
  Kirke (Lair:4)
  A fire giant (D:15)
  Nessos (Lair:6)
  Josephine (D:10)
  2 fire dragons
  2 boulder beetles
  A rakshasa (D:14)
  6 vault guards
  13 hydras
  3 centaur warriors (D:15)
  11 alligators
  2 two-headed ogres
  2 death yaks (Lair:4)
  A tengu warrior (D:15)
  Urug (Lair:3)
  An orc high priest (Orc:2)
  Sonja (Lair:4)
  3 skeletal warriors
  A spriggan druid (Swamp:3)
  2 unseen horrors (D:15)
  4 swamp dragons
  An orc knight (Orc:2)
  5 ugly things (D:15)
  6 cyclopes
  2 manticores
  3 centaur zombies
  5 black mambas (Lair:6)
  Joseph (D:8)
  A torpor snail (Lair:4)
  10 elephants
  3 molten gargoyles (Lair:6)
  15 cane toads
  Psyche (D:12)
  A cane toad (shapeshifter) (D:14)
  2 kobold demonologists (D:15)
  5 rime drakes
  13 komodo dragons
  A jumping spider (Lair:4)
  9 tyrant leeches
  4 trolls
  3 hornets
  3 polar bears
  3 meliai (D:14)
  3 bog bodies
  14 blink frogs
  18 slime creatures
  7 dream sheep (Lair:5)
  A meliai zombie (D:15)
  A redback (D:15)
  7 wraiths
  5 spriggans
  A shadow (D:14)
  9 wyverns
  3 hogs (Lair:4)
  4 basilisks
  35 yaks
  A golden eye (shapeshifter) (D:15)
  A steam dragon (D:12)
  13 vampire mosquitoes
  Menkaure (D:5)
  A harpy simulacrum (D:15)
  3 swamp worms
  5 wargs
  3 hell hounds (Lair:6)
  3 insubstantial wisps (Swamp:2)
  A soldier ant (D:13)
  8 swamp drakes
  13 water moccasins
  2 acid dragons
  36 orc warriors
  A hornet zombie (D:6)
  4 ice beasts
  3 phantoms
  8 ogres
  7 black bears
  2 necrophages (D:10)
  4 sky beasts
  An eye of draining (D:14)
  13 wolves
  A tengu (shapeshifter) (D:15)
  18 centaurs
  3 big kobolds
  Blork the orc (D:5)
  14 bullfrogs
  A wyvern zombie (D:11)
  3 wyvern skeletons
  A water moccasin skeleton (D:6)
  6 scorpions
  16 killer bees
  12 wights
  7 howler monkeys
  4 electric eels
  A bullfrog zombie (D:6)
  6 jellies
  5 lava snakes
  3 quasits
  2 bullfrog skeletons
  3 hounds
  20 orc priests
  28 orc wizards
  6 centaur skeletons
  Jessica (D:2)
  3 iguanas
  5 worker ants
  3 hound skeletons
  2 worker ant zombies
  10 adders
  4 gnolls (D:7)
  A howler monkey skeleton (D:11)
  A shadow imp (D:10)
  4 white imps
  6 ufetubi
  4 oozes
  2 adder skeletons
  A dart slug (D:1)
  10 leopard geckos
  114 orcs
  7 giant cockroaches
  6 goblins
  6 hobgoblins
  4 jackals (D:1)
  7 quokkas
  3 ball pythons
  11 bats
  6 frilled lizards
  A giant cockroach zombie (D:6)
  A jackal skeleton (D:5)
  22 kobolds
  A leopard gecko zombie (D:6)
  5 rats
813 creatures vanquished.

Vanquished Creatures (collateral kills)
  2 vault guards (D:13)
  2 hydras (Swamp:4)
  A ghost crab (Swamp:2)
  2 alligators
  A tengu warrior (D:15)
  A swamp dragon (Swamp:1)
  A lindwurm (Lair:6)
  2 elephants
  A black mamba (Lair:6)
  2 cane toads (Swamp:3)
  A centaur skeleton (D:14)
  A komodo dragon (Lair:6)
  A tengu conjurer (D:15)
  A troll (Orc:1)
  A hornet (Swamp:1)
  2 tyrant leeches
  A blink frog (Lair:6)
  3 slime creatures
  A bog body (Swamp:1)
  2 spriggans
  2 hogs (Lair:4)
  2 vampire mosquitoes
  A soldier ant (D:14)
  3 swamp worms
  A water moccasin (Lair:6)
  6 orc warriors (Orc:2)
  A black bear (D:13)
  A wolf (Lair:6)
  A centaur (Orc:2)
  A wight (D:14)
  A howler monkey (D:14)
  A lava snake (Lair:6)
  3 orcs (Orc:2)
  3 kobolds (D:15)
  2 fulminant prisms
58 creatures vanquished.

Vanquished Creatures (others)
  18 ball lightnings
  73 fulminant prisms
  48 fungi
  49 plants
188 creatures vanquished.

Grand Total: 1059 creatures vanquished

Notes
Turn   | Place    | Note
-------+----------+-------------------------------------------
     0 | D:1      | nomicflux the Draconian Air Elementalist began the quest
                  | for the Orb.
     0 | D:1      | Reached XP level 1. HP: 14/14 MP: 3/3
   172 | D:1      | Reached XP level 2. HP: 8/20 MP: 0/5
   369 | D:1      | Learned a level 2 spell: Swiftness
  1022 | D:1      | Reached XP level 3. HP: 26/26 MP: 0/6
  1701 | D:2      | Reached XP level 4. HP: 33/33 MP: 1/8
  1777 | D:2      | Found a bloodstained altar of Trog.
  2475 | D:2      | Found a sparkling altar of Nemelex Xobeh.
  2765 | D:2      | Noticed Jessica
  2787 | D:2      | Killed Jessica
  2840 | D:3      | Reached XP level 5. HP: 38/38 MP: 3/9
  3057 | D:3      | Learned a level 3 spell: Static Discharge
  3903 | D:3      | Found a glowing golden altar of the Shining One.
  4187 | D:3      | Reached XP level 6. HP: 45/45 MP: 7/11
  4655 | D:4      | Found a shimmering blue altar of Sif Muna.
  4758 | D:4      | Found a staircase to the Ecumenical Temple.
  4831 | Temple   | Entered the Ecumenical Temple
  5573 | D:4      | Found a white marble altar of Elyvilon.
  5795 | D:4      | Reached skill level 5 in Air Magic
  6183 | D:5      | Entered Level 5 of the Dungeon
  6316 | D:5      | Your scales start taking on a lurid green colour.
  6316 | D:5      | Reached XP level 7. HP: 50/50 MP: 9/13
  6316 | D:5      | Gained mutation: Your system is resistant to poisons.
                  | (rPois) [Green Draconian growth]
  6877 | D:5      | Noticed Menkaure
  6885 | D:5      | Killed Menkaure
  6885 | D:5      | Reached skill level 5 in Spellcasting
  6885 | D:5      | Reached skill level 5 in Conjurations
  7102 | D:5      | Found a hazy altar of Hepliaklqana.
  7166 | D:5      | Found a burning altar of Makhleb.
  7367 | D:5      | Noticed Blork the orc
  7378 | D:5      | Killed Blork the orc
  7378 | D:5      | Reached XP level 8. HP: 36/57 MP: 6/15
  7502 | D:5      | Found a sacrificial altar of Ru.
  9245 | D:6      | Found a radiant altar of Vehumet.
  9245 | D:6      | Found a shimmering altar of Xom.
  9249 | D:6      | Became a worshipper of Vehumet
  9893 | D:7      | Gained mutation: You have an increased reservoir of magic.
                  | (+10% MP) [potion of mutation]
  9893 | D:7      | Gained mutation: You have sharp toenails. [potion of
                  | mutation]
  9893 | D:7      | Gained mutation: You expend magic power (3 MP) to
                  | strengthen your wands. [potion of mutation]
  9982 | D:7      | Reached XP level 9. HP: 34/62 MP: 9/20
 10123 | D:7      | Learned a level 4 spell: Airstrike
 10129 | D:7      | Learned a level 5 spell: Lightning Bolt
 10346 | D:7      | Reached skill level 1 in Fighting
 10758 | D:7      | Reached * piety under Vehumet
 10758 | D:7      | Offered knowledge of Freeze by Vehumet.
 10758 | D:7      | Reached skill level 2 in Fighting
 11491 | D:8      | Reached skill level 3 in Fighting
 11954 | D:8      | Reached ** piety under Vehumet
 12083 | D:8      | Offered knowledge of Foxfire by Vehumet.
 12117 | D:8      | Reached skill level 4 in Fighting
 12579 | D:8      | Found a shadowy altar of Dithmenos.
 12583 | D:8      | Reached XP level 10. HP: 68/80 MP: 14/23
 12584 | D:8      | Noticed Joseph
 12679 | D:8      | Killed Joseph
 12987 | D:8      | Found an ancient bone altar of Kikubaaqudgha.
 13016 | D:8      | Found a stormy altar of Qazlal.
 13638 | D:9      | Reached skill level 5 in Fighting
 14095 | D:9      | Found a basalt altar of Yredelemnul.
 14216 | D:9      | Found a sparkling altar of Nemelex Xobeh.
 14501 | D:10     | Entered Level 10 of the Dungeon
 14508 | D:10     | Offered knowledge of Ignite Poison by Vehumet.
 14509 | D:10     | Noticed Josephine
 14947 | D:10     | Killed Josephine
 14947 | D:10     | Reached skill level 6 in Fighting
 15076 | D:10     | Reached *** piety under Vehumet
 15722 | D:10     | Reached XP level 11. HP: 91/91 MP: 7/26
 15857 | D:10     | Offered knowledge of Fulminant Prism by Vehumet.
 15863 | D:10     | Learned a level 4 spell: Fulminant Prism
 16694 | D:11     | Reached skill level 7 in Fighting
 17077 | D:11     | Reached **** piety under Vehumet
 17083 | D:11     | Reached skill level 10 in Air Magic
 17474 | D:11     | Found a staircase to the Lair.
 17506 | D:11     | Offered knowledge of Stone Arrow by Vehumet.
 17518 | D:11     | Reached skill level 1 in Staves
 18414 | D:11     | Found a staircase to the Orcish Mines.
 18943 | D:12     | Reached skill level 10 in Conjurations
 18952 | D:12     | Reached skill level 8 in Fighting
 19496 | D:12     | Reached ***** piety under Vehumet
 19496 | D:12     | Offered knowledge of Conjure Ball Lightning by Vehumet.
 19504 | D:12     | Learned a level 6 spell: Conjure Ball Lightning
 19737 | D:12     | Noticed Psyche
 19740 | D:12     | Killed Psyche
 19793 | D:12     | Noticed a two-headed ogre
 19801 | D:12     | Killed a two-headed ogre
 20113 | D:12     | Reached XP level 12. HP: 103/103 MP: 20/28
 20583 | Lair:1   | Entered Level 1 of the Lair of Beasts
 20917 | Lair:1   | Reached skill level 9 in Fighting
 20917 | Lair:1   | Reached skill level 10 in Spellcasting
 21206 | Lair:1   | Noticed a five-headed hydra
 21211 | Lair:1   | Killed a five-headed hydra
 21211 | Lair:1   | Reached skill level 5 in Staves
 21211 | Lair:1   | Reached skill level 5 in Dodging
 21907 | Lair:1   | Learned a level 4 spell: Summon Lightning Spire
 22415 | Lair:2   | Reached skill level 1 in Summonings
 23766 | Lair:3   | Noticed Urug
 23797 | Lair:3   | Killed Urug
 23797 | Lair:3   | Reached skill level 10 in Fighting
 24499 | Lair:3   | Noticed a six-headed hydra
 24879 | Lair:3   | Killed a six-headed hydra
 24993 | Lair:4   | Noticed Sonja
 24995 | Lair:4   | Killed Sonja
 25004 | Lair:4   | Reached XP level 13. HP: 91/113 MP: 15/29
 25668 | Lair:4   | Found a hole to the Spider Nest.
 25791 | Lair:4   | Found a staircase to the Swamp.
 26899 | Lair:4   | Noticed Kirke
 26913 | Lair:4   | Killed Kirke
 28266 | Lair:5   | Reached skill level 11 in Fighting
 28608 | Lair:5   | Found a staircase to the Slime Pits.
 29110 | Lair:6   | Entered Level 6 of the Lair of Beasts
 29110 | Lair:6   | Noticed Nessos
 29121 | Lair:6   | Killed Nessos
 29788 | Lair:6   | Offered knowledge of Iskenderun's Battlesphere by Vehumet.
 29813 | Lair:6   | HP: 5/116 [lava snake/glob of lava (19)]
 30176 | Lair:6   | Gained mutation: Your tail ends in a poisonous barb. [Green
                  | Draconian growth]
 30176 | Lair:6   | Reached XP level 14. HP: 77/124 MP: 17/31
 30584 | Lair:6   | Reached skill level 1 in Unarmed Combat
 31397 | Lair:6   | Found a large runed translucent door.
 31857 | Lair:6   | Found a large runed translucent door.
 31993 | Lair:6   | Got a masterwork buckler
 31996 | Lair:6   | Identified Sif Muna's Catalogue of Enchanting Intoxication
 32515 | D:12     | Reached skill level 1 in Shields
 33202 | D:13     | Identified a scroll of acquirement
 33327 | D:13     | Reached skill level 12 in Fighting
 33568 | D:13     | Found Diole's Gadget Emporium.
 33825 | D:13     | Found a gate to the Vaults.
 33984 | D:14     | Offered knowledge of Bolt of Magma by Vehumet.
 35162 | D:14     | Found Gikleria's Book Shop.
 35837 | D:15     | Entered Level 15 of the Dungeon
 36602 | Orc:1    | Entered Level 1 of the Orcish Mines
 36985 | Orc:2    | Entered Level 2 of the Orcish Mines
 37279 | Orc:1    | Identified the +4 buckler of Midnight {-Tele Rampage rPois
                  | MR++} (You found it on level 6 of the Lair of Beasts)
 37761 | Orc:2    | Reached skill level 5 in Unarmed Combat
 37982 | Orc:2    | Reached XP level 15. HP: 134/134 MP: 14/33
 38997 | Orc:2    | Found a staircase to the Elven Halls.
 39082 | Orc:2    | Found Puntanoc's Distillery.
 39082 | Orc:2    | Found Cifer's Distillery.
 39084 | Orc:2    | Found Gyerusuiha's Distillery.
 39086 | Orc:2    | Found Pehunk's Jewellery Emporium.
 39093 | Orc:2    | Bought a potion of cancellation for 120 gold pieces
 39093 | Orc:2    | Bought a potion of berserk rage for 75 gold pieces
 39093 | Orc:2    | Bought a potion of invisibility for 120 gold pieces
 39094 | Orc:2    | Bought a potion of magic for 88 gold pieces
 39094 | Orc:2    | Bought a potion of heal wounds for 55 gold pieces
 39435 | Orc:1    | You fall into a shaft and drop 1 floor!
 40287 | D:15     | Offered knowledge of Irradiate by Vehumet.
 40375 | D:15     | Noticed a fire giant
 40393 | D:15     | Killed a fire giant
 41298 | D:15     | Found Ankuw's Antique Armour Boutique.
 41394 | D:15     | Found a staircase to the Depths.
 41425 | D:15     | Reached skill level 13 in Fighting
 42306 | Swamp:1  | Entered Level 1 of the Swamp
 43191 | Swamp:1  | HP: 4/136 [seven-headed hydra (7)]
 43204 | Swamp:1  | HP: 5/136 [seven-headed hydra (5)]
 43204 | Swamp:1  | HP: 2/136 [seven-headed hydra (2)]
 43953 | Lair:4   | Acquired the ring "Geomocyrie" {rElec MR+ Slay+2}
 45002 | Swamp:2  | Identified the +4 kite shield of Starshine {Harm Dex+2}
 45002 | Swamp:2  | Noticed Donald
 45801 | Swamp:2  | Killed Donald
 47181 | Swamp:3  | Offered knowledge of Freezing Cloud by Vehumet.
 47189 | Swamp:3  | Learned a level 6 spell: Freezing Cloud
 47596 | Swamp:3  | Noticed a thorn hunter
 47599 | Swamp:3  | Killed a thorn hunter
 47602 | Swamp:3  | Reached XP level 16. HP: 131/145 MP: 15/35
 48611 | Swamp:4  | Entered Level 4 of the Swamp
 48824 | Swamp:3  | Reached skill level 14 in Fighting
 49356 | Swamp:4  | Reached skill level 1 in Evocations
 49365 | Swamp:3  | HP: 6/146 [five-headed hydra (14)]
 49365 | Swamp:3  | Killed from afar by a spriggan druid

Illustrated notes

Levels and vault maps discovered:
D:1:      co_arrival_hall_of_pillars, layout_basic, corexii_corridor_pit
D:2:      layout_loops_corners, overflow_temple_1_default,
          serial_bayou_lagoon_a, minmay_misc_feat_doors,
          nemelex_xobeh_ov_fountains_minmay, uniq_jessica
D:3:      layout_basic, lemuel_coloured_pillars_altar, guppyfry_early_orc_mine
D:4:      layout_gridville, elyvilon_altar_3, nicolae_overflow_crystal_walls,
          minmay_temple_entry_statues, serial_glass, glass_columns_a,
          glass_columns_a, glass_columns_c, glass_columns_a, glass_columns_b
D:5:      layout_gridville, overflow_temple_1_default, lemuel_doored_altar,
          makhleb_blood_cavern_becter, kennysheep_generic_room_4,
          uniq_blork_the_orc, uniq_menkaure
D:6:      lemuel_ice_spiral_2, layout_basic, gammafunk_temple_overflow_elements,
          nicolae_water_bricks, nzn_random_ring
D:7:      layout_basic, eino_jars
D:8:      layout_rooms, kennysheep_mini, nicolae_qazlal_style_of_elements,
          basic_altar, nicolae_underground_beach, uniq_joseph
D:9:      hangedman_cross_stitches, layout_irregular_city,
          yredelemnul_altar_generic, nemelex_diamond_rough_becter
D:10:     layout_roguey, nicolae_lava_and_water, uniq_josephine
D:11:     layout_irregular_city, erik_lair_orcish_takeover, erik_orc_2
D:12:     layout_basic, uniq_psyche
D:13:     layout_irregular_city, erik_vaults_2, serial_shops,
          kennysheep_little_box
D:14:     layout_grid_maze, serial_shops, shop, minmay_staircase_windowed_large,
          the_bakery
D:15:     grunt_enter_depths_giant_problem, layout_basic,
          minmay_misc_feat_plants, serial_shops, shop, minmay_shattered_shrine
Temple:   jpeg_temple_alley_garden
Lair:1:   layout_chaotic_city, grunt_megastairs_2, serial_bayou_shore_a
Lair:2:   layout_loops_ring, chequers_serial_rivers_micro_d, beast_lair_carwin_6
Lair:3:   layout_roguey, uniq_urug
Lair:4:   layout_cave_pods, swamp_mist_pool, spider_nest_entry_a, uniq_kirke,
          uniq_sonja
Lair:5:   layout_hall_layers, dpeg_slime_entry_corner
Lair:6:   cheibrodos_lair_end_hotspot, layout_regular_city, st_stairs_4,
          uniq_nessos
Swamp:1:  layout_basic_swamp, evilmike_swamp_ruin_house_4, swamp_pool4
Swamp:2:  layout_falls_marsh, evilmike_swamp_ruin_rubble_1, swamp_pool1,
          infiniplex_staircase_pool, uniq_donald
Swamp:3:  layout_basic_swamp, evilmike_swamp_ruin_house_2
Swamp:4:  swamp, layout_basic_swamp, swamp_pool1
Orc:1:    layout_caves
Orc:2:    st_orc_rangers, layout_diamond_mine

Skill      XL: |  1  2  3  4  5  6  7  8  9 10 11 12 13 14 15 16 |
---------------+-------------------------------------------------+-----
Conjurations   | 2 3 4 5 6 8 9 10 | 10.0
Spellcasting   | 3 4 5 6 7 8 9 10 11 12 | 12.6
Air Magic      | 4 5 6 7 8 9 10 11 12 13 | 13.9
Fighting       | 4 6 8 10 11 12 13 14 | 14.0
Dodging        | 4 6 7 8 |  8.4
Staves         | 3 6 8 |  8.2
Summonings     | 3 4 |  4.0
Unarmed Combat | 5 7 8 |  8.0
Shields        | 4 |  4.0
Evocations     | 1 |  1.0
Stealth        | |  1.7

Action                   |  1- 3 |  4- 6 |  7- 9 | 10-12 | 13-15 | 16-18 || total
-------------------------+-------+-------+-------+-------+-------+-------++-------
Melee: Unarmed           |    17 |       |       |       |       |       ||    17
       Tailslap          |     1 |     1 |    10 |    12 |    46 |       ||    70
       Dagger            |     1 |     9 |     3 |       |       |       ||    13
       Staff             |       |       |    62 |    84 |   266 |     8 ||   420
       Kick              |       |       |     7 |    31 |       |       ||    38
 Cast: Shock             |    72 |   165 |   311 |   162 |    88 |     1 ||   799
       Static Discharge  |       |    12 |    39 |    77 |   183 |    20 ||   331
       Lightning Bolt    |       |       |    10 |    33 |   113 |    23 ||   179
       Airstrike         |       |       |     1 |   243 |   338 |    12 ||   594
       Swiftness         |       |       |     1 |     3 |     5 |       ||     9
       Fulminant Prism   |       |       |       |    15 |    61 |       ||    76
       Summon Lightning  |       |       |       |       |    90 |     6 ||    96
       Conjure Ball Ligh |       |       |       |       |     7 |       ||     7
       Freezing Cloud    |       |       |       |       |     1 |     3 ||     4
 Abil: Breathe Noxious F |       |       |    13 |     8 |     7 |       ||    28
Evoke: Wand              |       |       |       |       |     5 |     1 ||     6
  Use: Scroll            |       |       |    20 |     5 |    11 |       ||    36
       Potion            |       |       |     1 |     3 |    11 |       ||    15
 Stab: Confused          |       |       |     1 |     1 |       |       ||     2
Armor: Skin              |    12 |    23 |    71 |    42 |   139 |    16 ||   303
Dodge: Dodged            |    35 |    42 |   105 |   125 |   436 |    49 ||   792
Block: Buckler           |       |       |       |       |   112 |    29 ||   141

Table legend: (Time is in decaauts)
 A = Elapsed time spent in this place.
 B = Non-inter-level travel time spent in this place.
 C = Inter-level travel time spent in this place.
 D = Time resting spent in this place.
 E = Time spent auto-exploring this place.
 F = Levels seen in this place.
 G = Mean time per level.
                   A        B        C        D        E       F      G
               +--------+--------+--------+--------+--------+-----+--------+
         Total |  49626 |  47718 |   1908 |  16718 |  24324 |  28 | 1772.4 |
       Dungeon |  27048 |  25922 |   1126 |   8897 |  13194 |  15 | 1803.2 |
        Temple |    290 |    290 |      0 |      0 |    264 |   1 |  290.0 |
          Lair |  12714 |  12222 |    492 |   4459 |   6320 |   6 | 2119.0 |
         Swamp |   6429 |   6194 |    235 |   2172 |   3240 |   4 | 1607.2 |
  Orcish Mines |   3143 |   3089 |     54 |   1190 |   1306 |   2 | 1571.5 |
               +--------+--------+--------+--------+--------+-----+--------+

Top non-repeatable levels by time:
  Lair:4: 3384 daAuts
    D:14: 2690 daAuts
  Lair:6: 2672 daAuts
 Swamp:3: 2477 daAuts
     D:7: 2439 daAuts
  Lair:3: 2225 daAuts
    D:10: 2184 daAuts
 Swamp:1: 2091 daAuts
    D:11: 2050 daAuts
    D:12: 2035 daAuts
    D:13: 1912 daAuts
     D:6: 1884 daAuts
 Swamp:2: 1801 daAuts
    D:15: 1731 daAuts
  Lair:5: 1714 daAuts
